Predators vs Oilers

Created - March 26 2007 at 20:04

Goals
1 2 3 T
Predators 2 1 1 4
Oilers 3 0 2 5
Shots
1 2 3 T
Predators 9 8 15 32
Oilers 17 6 16 39

Period #1

1. Oilers , Keith Tkachuk 21 (Ales Hemsky, Ruslan Salei) at 5:40 (PP)
2. Oilers , Ales Hemsky 35 (Ruslan Salei) at 6:04 (PP)
3. Oilers , Ruslan Salei 6 (Steve Staios, Ryan Smyth) at 6:54
4. Predators , Martin Erat 19 (Todd Bertuzzi, Zbynek Michalek) at 8:57
5. Predators , Martin Erat 20 (David Legwand, Paul Kariya) at 11:43

Penalities :
Scott Hartnell (NSH) for Hooking (Minor) at 0:29, Scott Hartnell (NSH) for Roughing (Double Minor) at 3:41, Ryan Smyth (EDM) for Charging (Minor) at 9:30, Keith Tkachuk (EDM) for Interference (Minor) at 17:05

Period #2

6. Predators , Steve Sullivan 23 (Derek Morris) at 17:40

Penalities :
Martin Erat (NSH) for Holding (Minor) at 3:08, Todd Bertuzzi (NSH) for Holding (Minor) at 13:48, Ruslan Salei (EDM) for Delaying the game (Minor) at 19:38

Period #3

7. Oilers , Ryan Smyth 26 (Ruslan Salei, Fernando Pisani) at 3:54
8. Predators , Zbynek Michalek 13 (Todd Bertuzzi, Ryan Suter) at 16:15
9. Oilers , Daniel Alfredsson 28 (Dick Tarnstrom, Shawn Horcoff) at 16:36 (PP)

Penalities :
Todd Bertuzzi (NSH) for Charging (Minor) at 4:45, Fernando Pisani (EDM) for Hooking (Minor) at 7:12, Scott Hartnell (NSH) for Interference (Minor) at 16:22, David Legwand (NSH) for Tripping (Minor) at 19:27

Goalie Stats

Chris Mason (NSH), 34 saves from 39 shots - (0.872), L, 17-10-4, 60:00 minutes
Jussi Markkanen (EDM), 28 saves from 32 shots - (0.875), W, 9-5-5, 60:00 minutes

Players Stats

Predators
Player Name              G  A  P  +/- PIM S  H  SB FO MP 
-----------------------------------------------------------
Brad Boyes               0  0  0  -1  0   2  0  2  8  18 
Darcy Hordichuk          0  0  0   0  0   1  0  0  0  2  
David Legwand            0  1  1   3  2   0  1  0  30 19 
Derek Morris             0  1  1  -1  0   2  1  1  0  21 
Jason Arnott             0  0  0   0  0   2  1  1  18 21 
Keith Primeau            0  0  0   0  0   0  0  0  11 7  
Kimmo Timonen            0  0  0   0  0   1  0  1  0  24 
Marek Zidlicky           0  0  0  -1  0   0  0  1  0  21 
Martin Erat              2  0  2   3  2   7  0  0  2  18 
Mike Grier               0  0  0   0  0   1  0  0  0  6  
Paul Kariya              0  1  1   0  0   2  1  0  9  26 
Ryan Suter               0  1  1   3  0   1  2  0  0  18 
Scott Hartnell           0  0  0   0  8   1  0  0  1  9  
Steve Sullivan           1  0  1  -1  0   2  0  1  1  21 
Todd Bertuzzi            0  2  2   3  4   6  1  2  4  23 
Tomas Kaberle            0  0  0   0  0   0  0  0  0  24 
Yanic Perreault          0  0  0  -1  0   1  0  0  12 12 
Zbynek Michalek          1  1  2   3  0   3  1  2  0  18 
Oilers
Player Name              G  A  P  +/- PIM S  H  SB FO MP 
-----------------------------------------------------------
Ales Hemsky              1  1  2  -3  0   5  2  0  3  20 
Brendan Witt             0  0  0  -3  0   1  0  2  0  21 
Daniel Alfredsson        1  0  1   0  0   4  0  0  1  12 
Dick Tarnstrom           0  1  1   0  0   0  0  0  0  14 
Ethan Moreau             0  0  0  -1  0   2  1  0  7  16 
Fernando Pisani          0  1  1   2  2   1  1  0  2  16 
Jarret Stoll             0  0  0  -3  0   2  0  2  17 17 
Jason Smith              0  0  0  -1  0   2  1  0  0  20 
Keith Tkachuk            1  0  1  -3  2   5  0  1  2  19 
Marty Reasoner           0  0  0  -1  0   0  1  0  23 17 
Mike Sillinger           0  0  0  -1  0   3  1  0  1  10 
Nicklas Lidstrom         0  0  0  -3  0   1  0  0  0  24 
Petr Sykora              0  0  0   0  0   3  0  0  0  8  
Raffi Torres             0  0  0   0  0   1  0  0  7  13 
Ruslan Salei             1  3  4   2  2   2  3  0  0  21 
Ryan Smyth               1  1  2   2  2   4  1  0  1  21 
Shawn Horcoff            0  1  1   2  0   3  0  0  32 18 
Steve Staios             0  1  1   1  0   0  2  2  0  23 

3 Stars

1 - Ruslan Salei (EDM)
2 - Martin Erat (NSH)
3 - Zbynek Michalek (NSH)

Power Play

Predators - 0 on 5 Attempt(s) - 0.00%
Oilers - 3 on 6 Attempt(s) - 50.00%

Penalty Kill

Predators - 3 on 6 Attempt(s) - 50.00% - Score 0 goal in Penalty Kill
Oilers - 5 on 5 Attempt(s) - 100.00% - Score 0 goal in Penalty Kill

Game Notes

No Game Note

Finance

Level 1 -- Attendance: 3357 (67.15%) -- Ticket Income $335,700.00
Level 2 -- Attendance: 4028 (94.77%) -- Ticket Income $181,260.00
Level 3 -- Attendance: 1789 (83.65%) -- Ticket Income $53,670.00
Level 4 -- Attendance: 3174 (79.34%) -- Ticket Income $63,480.00
Luxury Box -- Attendance: 712 (71.16%) -- Ticket Income $142,400.00
Game was played at the Rexall Place
Total Attendance: 13060 (79.69%)
Total Ticket Income: $833,094.80
Other Income: $173,145.30
Total Income: $1,006,240.00


Play by Play

Period #1

0:01 of 1st period - Jason Arnott wins face-off versus Shawn Horcoff in neutral zone.
0:10 of 1st period - Shot by Paul Kariya.
0:10 of 1st period - Shot Misses the Net.
0:29 of 1st period - Shot by Fernando Pisani.
0:29 of 1st period - Shot Misses the Net.
0:29 of 1st period - Minor Penalty to Scott Hartnell for Hooking.
0:30 of 1st period - Todd Bertuzzi wins face-off versus Keith Tkachuk in Predators zone.
0:36 of 1st period - Icing by Ruslan Salei.
0:37 of 1st period - Todd Bertuzzi wins face-off versus Marty Reasoner in Oilers zone.
1:01 of 1st period - Off-side.
1:02 of 1st period - Todd Bertuzzi wins face-off versus Shawn Horcoff in neutral zone.
1:28 of 1st period - Icing by Dick Tarnstrom.
1:29 of 1st period - Shawn Horcoff wins face-off versus Paul Kariya in Oilers zone.
1:38 of 1st period - Shot by Daniel Alfredsson.
1:38 of 1st period - Shot Misses the Net.
2:05 of 1st period - Shot by Keith Tkachuk.
2:05 of 1st period - Shot Misses the Net.
2:08 of 1st period - Shot by Jason Smith.
2:08 of 1st period - Shot Misses the Net.
2:09 of 1st period - Shot by Keith Tkachuk.
2:09 of 1st period - Shot Blocked by Derek Morris.
2:10 of 1st period - Shot by Ruslan Salei.
2:10 of 1st period - Shot Misses the Net.
2:11 of 1st period - Shot by Ruslan Salei.
2:11 of 1st period - Shot Misses the Net.
2:12 of 1st period - Shot by Jason Smith.
2:12 of 1st period - Shot Misses the Net.
2:55 of 1st period - Shot by Petr Sykora.
2:55 of 1st period - Shot Misses the Net.
2:58 of 1st period - Shot by Petr Sykora.
2:58 of 1st period - Shot Misses the Net.
3:40 of 1st period - Ales Hemsky is hit by Ryan Suter and loses puck.
3:41 of 1st period - Double Minor Penalty to Scott Hartnell for Roughing.
3:42 of 1st period - Shawn Horcoff wins face-off versus Jason Arnott in neutral zone.
3:49 of 1st period - Shot by Ryan Smyth.
3:49 of 1st period - Shot Misses the Net.
3:52 of 1st period - Shot by Daniel Alfredsson.
3:52 of 1st period - Stopped by Chris Mason with a rebound.
3:57 of 1st period - Shot by Daniel Alfredsson.
3:57 of 1st period - Shot Misses the Net.
4:50 of 1st period - Shot by Keith Tkachuk.
4:50 of 1st period - Stopped by Chris Mason without a rebound.
4:51 of 1st period - Daniel Alfredsson wins face-off versus Paul Kariya in Predators zone.
5:40 of 1st period - Shot by Keith Tkachuk.
5:40 of 1st period - Goal by Keith Tkachuk - Predators : 0 - Oilers : 1.
5:41 of 1st period - Marty Reasoner wins face-off versus Todd Bertuzzi in neutral zone.
6:04 of 1st period - Shot by Ales Hemsky.
6:04 of 1st period - Goal by Ales Hemsky - Predators : 0 - Oilers : 2.
6:05 of 1st period - Ethan Moreau wins face-off versus David Legwand in neutral zone.
6:13 of 1st period - Petr Sykora is hit by Zbynek Michalek and loses puck.
6:37 of 1st period - Shot by Raffi Torres.
6:37 of 1st period - Shot Blocked by Todd Bertuzzi.
6:40 of 1st period - Shot by Raffi Torres.
6:40 of 1st period - Stopped by Chris Mason without a rebound.
6:41 of 1st period - Jarret Stoll wins face-off versus Brad Boyes in Predators zone.
6:46 of 1st period - Shot by Jarret Stoll.
6:46 of 1st period - Stopped by Chris Mason with a rebound.
6:47 of 1st period - Shot by Brendan Witt.
6:47 of 1st period - Stopped by Chris Mason without a rebound.
6:48 of 1st period - Shawn Horcoff wins face-off versus Brad Boyes in Predators zone.
6:51 of 1st period - Shot by Ryan Smyth.
6:51 of 1st period - Shot Blocked by Steve Sullivan.
6:52 of 1st period - Shot by Ryan Smyth.
6:52 of 1st period - Shot Misses the Net.
6:53 of 1st period - Shot by Steve Staios.
6:53 of 1st period - Shot Misses the Net.
6:54 of 1st period - Shot by Ruslan Salei.
6:54 of 1st period - Goal by Ruslan Salei - Predators : 0 - Oilers : 3.
6:55 of 1st period - Keith Primeau wins face-off versus Jarret Stoll in neutral zone.
6:59 of 1st period - Icing by Nicklas Lidstrom.
7:00 of 1st period - Yanic Perreault wins face-off versus Jarret Stoll in Oilers zone.
7:19 of 1st period - Shot by Brad Boyes.
7:19 of 1st period - Shot Misses the Net.
8:03 of 1st period - Icing by Ruslan Salei.
8:04 of 1st period - David Legwand wins face-off versus Shawn Horcoff in Oilers zone.
8:19 of 1st period - Shot by Ryan Smyth.
8:19 of 1st period - Stopped by Chris Mason with a rebound.
8:20 of 1st period - Shot by Ruslan Salei.
8:20 of 1st period - Shot Blocked by Zbynek Michalek.
8:21 of 1st period - Shot by Steve Staios.
8:21 of 1st period - Shot Blocked by Zbynek Michalek.
8:22 of 1st period - Shot by Ruslan Salei.
8:22 of 1st period - Stopped by Chris Mason without a rebound.
8:23 of 1st period - Jason Arnott wins face-off versus Marty Reasoner in Predators zone.
8:36 of 1st period - Shot by Jason Arnott.
8:36 of 1st period - Shot Blocked by Brendan Witt.
8:43 of 1st period - Shot by Mike Sillinger.
8:43 of 1st period - Stopped by Chris Mason without a rebound.
8:44 of 1st period - David Legwand wins face-off versus Keith Tkachuk in Predators zone.
8:57 of 1st period - Shot by Martin Erat.
8:57 of 1st period - Goal by Martin Erat - Predators : 1 - Oilers : 3.
8:58 of 1st period - Ethan Moreau wins face-off versus Keith Primeau in neutral zone.
9:17 of 1st period - Shot by Petr Sykora.
9:17 of 1st period - Stopped by Chris Mason without a rebound.
9:18 of 1st period - Yanic Perreault wins face-off versus Fernando Pisani in Predators zone.
9:22 of 1st period - Derek Morris is hit by Ruslan Salei and loses puck.
9:27 of 1st period - Brad Boyes is hit by Ryan Smyth and loses puck.
9:30 of 1st period - Minor Penalty to Ryan Smyth for Charging.
9:31 of 1st period - Jason Arnott wins face-off versus Raffi Torres in Oilers zone.
10:06 of 1st period - Shot by Paul Kariya.
10:06 of 1st period - Stopped by Jussi Markkanen without a rebound.
10:07 of 1st period - Marty Reasoner wins face-off versus Steve Sullivan in Oilers zone.
10:13 of 1st period - Icing by Derek Morris.
10:14 of 1st period - David Legwand wins face-off versus Raffi Torres in Predators zone.
11:17 of 1st period - Shot by Paul Kariya.
11:17 of 1st period - Stopped by Jussi Markkanen without a rebound.
11:18 of 1st period - Marty Reasoner wins face-off versus Jason Arnott in Oilers zone.
11:43 of 1st period - Shot by Martin Erat.
11:43 of 1st period - Goal by Martin Erat - Predators : 2 - Oilers : 3.
11:44 of 1st period - Brad Boyes wins face-off versus Ales Hemsky in neutral zone.
12:13 of 1st period - Shot by Brad Boyes.
12:13 of 1st period - Stopped by Jussi Markkanen with a rebound.
12:19 of 1st period - Icing by Brendan Witt.
12:20 of 1st period - David Legwand wins face-off versus Jarret Stoll in Oilers zone.
12:28 of 1st period - Off-side.
12:29 of 1st period - Jason Arnott wins face-off versus Ethan Moreau in neutral zone.
12:33 of 1st period - Kimmo Timonen is hit by Steve Staios and loses puck.
13:05 of 1st period - Shot by Jason Smith.
13:05 of 1st period - Stopped by Chris Mason with a rebound.
13:06 of 1st period - Shot by Jason Smith.
13:06 of 1st period - Shot Misses the Net.
13:07 of 1st period - Shot by Jason Smith.
13:07 of 1st period - Stopped by Chris Mason with a rebound.
13:08 of 1st period - Shot by Jason Smith.
13:08 of 1st period - Shot Misses the Net.
13:11 of 1st period - Shot by Petr Sykora.
13:11 of 1st period - Stopped by Chris Mason without a rebound.
13:12 of 1st period - Shawn Horcoff wins face-off versus David Legwand in Predators zone.
13:31 of 1st period - Shot by Ryan Smyth.
13:31 of 1st period - Shot Misses the Net.
13:36 of 1st period - Shot by Martin Erat.
13:36 of 1st period - Shot Misses the Net.
13:41 of 1st period - Shot by Martin Erat.
13:41 of 1st period - Stopped by Jussi Markkanen without a rebound.
13:42 of 1st period - Jarret Stoll wins face-off versus Yanic Perreault in Oilers zone.
14:00 of 1st period - Icing by Marek Zidlicky.
14:01 of 1st period - Yanic Perreault wins face-off versus Mike Sillinger in Predators zone.
14:05 of 1st period - Brad Boyes is hit by Jason Smith and loses puck.
14:34 of 1st period - Mike Sillinger is hit by Paul Kariya and loses puck.
14:56 of 1st period - Shot by Scott Hartnell.
14:56 of 1st period - Shot Misses the Net.
14:59 of 1st period - Shot by Paul Kariya.
14:59 of 1st period - Shot Misses the Net.
15:02 of 1st period - Shot by Paul Kariya.
15:02 of 1st period - Shot Misses the Net.
15:23 of 1st period - Shot by Martin Erat.
15:23 of 1st period - Shot Misses the Net.
15:26 of 1st period - Shot by Todd Bertuzzi.
15:26 of 1st period - Stopped by Jussi Markkanen without a rebound.
15:27 of 1st period - Shawn Horcoff wins face-off versus David Legwand in Oilers zone.
15:38 of 1st period - Shot by Martin Erat.
15:38 of 1st period - Shot Misses the Net.
16:26 of 1st period - Mike Sillinger is hit by Todd Bertuzzi and loses puck.
16:40 of 1st period - Shot by Mike Sillinger.
16:40 of 1st period - Stopped by Chris Mason with a rebound.
16:43 of 1st period - Shot by Mike Sillinger.
16:43 of 1st period - Shot Misses the Net.
17:05 of 1st period - Minor Penalty to Keith Tkachuk for Interference.
17:06 of 1st period - Raffi Torres wins face-off versus Jason Arnott in Predators zone.
18:05 of 1st period - Shot by Brad Boyes.
18:05 of 1st period - Stopped by Jussi Markkanen with a rebound.
18:17 of 1st period - Icing by Derek Morris.
18:18 of 1st period - Keith Primeau wins face-off versus Raffi Torres in Predators zone.
18:31 of 1st period - Shot by Brad Boyes.
18:31 of 1st period - Shot Blocked by Steve Staios.
18:32 of 1st period - Shot by Derek Morris.
18:32 of 1st period - Stopped by Jussi Markkanen with a rebound.
18:42 of 1st period - Icing by Marek Zidlicky.
18:43 of 1st period - Marty Reasoner wins face-off versus Keith Primeau in Predators zone.
19:10 of 1st period - Shot by Ales Hemsky.
19:10 of 1st period - Shot Blocked by Kimmo Timonen.
19:37 of 1st period - Shot by Jarret Stoll.
19:37 of 1st period - Stopped by Chris Mason without a rebound.
19:38 of 1st period - Marty Reasoner wins face-off versus David Legwand in Predators zone.
19:43 of 1st period - Shot by Ethan Moreau.
19:43 of 1st period - Shot Misses the Net.
19:51 of 1st period - Todd Bertuzzi is hit by Ethan Moreau and loses puck.

Period #2

0:01 of 2nd period - Scott Hartnell wins face-off versus Shawn Horcoff in neutral zone.
1:47 of 2nd period - Shawn Horcoff is hit by Ryan Suter and loses puck.
2:43 of 2nd period - Shot by Jarret Stoll.
2:43 of 2nd period - Shot Misses the Net.
2:47 of 2nd period - Icing by Zbynek Michalek.
2:48 of 2nd period - Marty Reasoner wins face-off versus David Legwand in Predators zone.
3:08 of 2nd period - Minor Penalty to Martin Erat for Holding.
3:09 of 2nd period - Paul Kariya wins face-off versus Marty Reasoner in neutral zone.
5:08 of 2nd period - Shot by Paul Kariya.
5:08 of 2nd period - Shot Misses the Net.
5:10 of 2nd period - Icing by Jason Smith.
5:11 of 2nd period - David Legwand wins face-off versus Ethan Moreau in Oilers zone.
5:36 of 2nd period - Shot by Petr Sykora.
5:36 of 2nd period - Shot Misses the Net.
5:37 of 2nd period - Shot by Petr Sykora.
5:37 of 2nd period - Stopped by Chris Mason without a rebound.
5:38 of 2nd period - Yanic Perreault wins face-off versus Shawn Horcoff in Predators zone.
5:45 of 2nd period - Shot by Shawn Horcoff.
5:45 of 2nd period - Shot Misses the Net.
5:48 of 2nd period - Shot by Shawn Horcoff.
5:48 of 2nd period - Shot Misses the Net.
5:51 of 2nd period - Shot by Ryan Smyth.
5:51 of 2nd period - Stopped by Chris Mason without a rebound.
5:52 of 2nd period - Keith Primeau wins face-off versus Jarret Stoll in Predators zone.
6:15 of 2nd period - Shot by Ales Hemsky.
6:15 of 2nd period - Stopped by Chris Mason without a rebound.
6:16 of 2nd period - Yanic Perreault wins face-off versus Shawn Horcoff in Predators zone.
6:23 of 2nd period - Shot by Brad Boyes.
6:23 of 2nd period - Stopped by Jussi Markkanen with a rebound.
6:24 of 2nd period - Shot by Marek Zidlicky.
6:24 of 2nd period - Shot Hit the Post.
6:27 of 2nd period - Shot by Derek Morris.
6:27 of 2nd period - Shot Misses the Net.
6:28 of 2nd period - Shot by Derek Morris.
6:28 of 2nd period - Stopped by Jussi Markkanen without a rebound.
6:29 of 2nd period - Marty Reasoner wins face-off versus David Legwand in Oilers zone.
6:35 of 2nd period - Mike Sillinger is hit by David Legwand and loses puck.
6:57 of 2nd period - Shot by Marty Reasoner.
6:57 of 2nd period - Shot Misses the Net.
6:58 of 2nd period - Shot by Steve Staios.
6:58 of 2nd period - Shot Misses the Net.
7:01 of 2nd period - Shot by Mike Sillinger.
7:01 of 2nd period - Stopped by Chris Mason without a rebound.
7:02 of 2nd period - Shawn Horcoff wins face-off versus Jason Arnott in Predators zone.
7:28 of 2nd period - Off-side.
7:29 of 2nd period - Jarret Stoll wins face-off versus Yanic Perreault in neutral zone.
7:59 of 2nd period - Brad Boyes is hit by Ales Hemsky and loses puck.
8:05 of 2nd period - Shot by Steve Sullivan.
8:05 of 2nd period - Stopped by Jussi Markkanen with a rebound.
8:06 of 2nd period - Shot by Marek Zidlicky.
8:06 of 2nd period - Shot Misses the Net.
9:17 of 2nd period - Shot by Jason Arnott.
9:17 of 2nd period - Shot Blocked by Jarret Stoll.
9:23 of 2nd period - Icing by Ryan Smyth.
9:24 of 2nd period - David Legwand wins face-off versus Shawn Horcoff in Oilers zone.
9:25 of 2nd period - Shot by Todd Bertuzzi.
9:25 of 2nd period - Shot Misses the Net.
9:28 of 2nd period - Shot by Martin Erat.
9:28 of 2nd period - Shot Blocked by Jarret Stoll.
9:51 of 2nd period - Shot by Martin Erat.
9:51 of 2nd period - Stopped by Jussi Markkanen without a rebound.
9:52 of 2nd period - Marty Reasoner wins face-off versus Keith Primeau in Oilers zone.
10:42 of 2nd period - Ryan Suter is hit by Ales Hemsky and loses puck.
11:20 of 2nd period - Shot by Steve Sullivan.
11:20 of 2nd period - Shot Misses the Net.
11:23 of 2nd period - Shot by Brad Boyes.
11:23 of 2nd period - Stopped by Jussi Markkanen with a rebound.
11:58 of 2nd period - Shot by Raffi Torres.
11:58 of 2nd period - Shot Blocked by Brad Boyes.
12:00 of 2nd period - Icing by Steve Sullivan.
12:01 of 2nd period - Yanic Perreault wins face-off versus Shawn Horcoff in Predators zone.
12:16 of 2nd period - Shot by Shawn Horcoff.
12:16 of 2nd period - Stopped by Chris Mason without a rebound.
12:17 of 2nd period - Jason Arnott wins face-off versus Shawn Horcoff in Predators zone.
12:21 of 2nd period - Jason Arnott is hit by Ruslan Salei and loses puck.
12:31 of 2nd period - Shot by Scott Hartnell.
12:31 of 2nd period - Stopped by Jussi Markkanen without a rebound.
12:32 of 2nd period - Keith Primeau wins face-off versus Ethan Moreau in Oilers zone.
12:58 of 2nd period - Off-side.
12:59 of 2nd period - Jarret Stoll wins face-off versus David Legwand in neutral zone.
13:01 of 2nd period - Off-side.
13:02 of 2nd period - David Legwand wins face-off versus Ales Hemsky in neutral zone.
13:48 of 2nd period - Minor Penalty to Todd Bertuzzi for Holding.
13:49 of 2nd period - Shawn Horcoff wins face-off versus Paul Kariya in Oilers zone.
14:22 of 2nd period - Shot by Shawn Horcoff.
14:22 of 2nd period - Stopped by Chris Mason without a rebound.
14:23 of 2nd period - Paul Kariya wins face-off versus Marty Reasoner in Predators zone.
15:40 of 2nd period - Shot by Daniel Alfredsson.
15:40 of 2nd period - Shot Misses the Net.
16:01 of 2nd period - Shot by Jason Smith.
16:01 of 2nd period - Shot Misses the Net.
16:06 of 2nd period - Shot by Todd Bertuzzi.
16:06 of 2nd period - Stopped by Jussi Markkanen without a rebound.
16:07 of 2nd period - David Legwand wins face-off versus Jarret Stoll in Oilers zone.
16:10 of 2nd period - Shot by Todd Bertuzzi.
16:10 of 2nd period - Shot Blocked by Keith Tkachuk.
16:24 of 2nd period - Icing by Ales Hemsky.
16:25 of 2nd period - Jarret Stoll wins face-off versus Keith Primeau in Oilers zone.
17:40 of 2nd period - Shot by Steve Sullivan.
17:40 of 2nd period - Goal by Steve Sullivan - Predators : 3 - Oilers : 3.
17:41 of 2nd period - David Legwand wins face-off versus Shawn Horcoff in neutral zone.
17:43 of 2nd period - Todd Bertuzzi is hit by Fernando Pisani and loses puck.
18:00 of 2nd period - Martin Erat is hit by Ruslan Salei and loses puck.
19:19 of 2nd period - Jason Arnott is hit by Marty Reasoner and loses puck.
19:38 of 2nd period - Minor Penalty to Ruslan Salei for Delaying the game.
19:39 of 2nd period - Raffi Torres wins face-off versus David Legwand in neutral zone.
19:39 of 2nd period - Jarret Stoll is hit by Derek Morris and loses puck.

Period #3

0:01 of 3rd period - Jason Arnott wins face-off versus Raffi Torres in neutral zone.
0:04 of 3rd period - Shot by Jason Arnott.
0:04 of 3rd period - Stopped by Jussi Markkanen with a rebound.
0:12 of 3rd period - Icing by Tomas Kaberle.
0:13 of 3rd period - Marty Reasoner wins face-off versus Jason Arnott in Predators zone.
0:19 of 3rd period - Ryan Smyth is hit by Jason Arnott and loses puck.
1:59 of 3rd period - Shot by Ryan Smyth.
1:59 of 3rd period - Stopped by Chris Mason without a rebound.
2:00 of 3rd period - Yanic Perreault wins face-off versus Ales Hemsky in Predators zone.
2:16 of 3rd period - Icing by Nicklas Lidstrom.
2:17 of 3rd period - Jarret Stoll wins face-off versus David Legwand in Oilers zone.
2:19 of 3rd period - Icing by Keith Tkachuk.
2:20 of 3rd period - David Legwand wins face-off versus Jarret Stoll in Oilers zone.
2:21 of 3rd period - Shot by Todd Bertuzzi.
2:21 of 3rd period - Stopped by Jussi Markkanen without a rebound.
2:22 of 3rd period - David Legwand wins face-off versus Marty Reasoner in Oilers zone.
2:28 of 3rd period - David Legwand is hit by Steve Staios and loses puck.
2:53 of 3rd period - David Legwand is hit by Mike Sillinger and loses puck.
3:23 of 3rd period - Shot by Mike Grier.
3:23 of 3rd period - Stopped by Jussi Markkanen without a rebound.
3:24 of 3rd period - Yanic Perreault wins face-off versus Ryan Smyth in Oilers zone.
3:45 of 3rd period - Shot by Shawn Horcoff.
3:45 of 3rd period - Shot Misses the Net.
3:48 of 3rd period - Shot by Fernando Pisani.
3:48 of 3rd period - Shot Misses the Net.
3:51 of 3rd period - Shot by Ryan Smyth.
3:51 of 3rd period - Shot Misses the Net.
3:54 of 3rd period - Shot by Ryan Smyth.
3:54 of 3rd period - Goal by Ryan Smyth - Predators : 3 - Oilers : 4.
3:55 of 3rd period - Jarret Stoll wins face-off versus Jason Arnott in neutral zone.
4:28 of 3rd period - Shot by Scott Hartnell.
4:28 of 3rd period - Shot Blocked by Brendan Witt.
4:35 of 3rd period - Shot by Jarret Stoll.
4:35 of 3rd period - Shot Misses the Net.
4:45 of 3rd period - Minor Penalty to Todd Bertuzzi for Charging.
4:46 of 3rd period - Shawn Horcoff wins face-off versus Brad Boyes in Oilers zone.
5:01 of 3rd period - Shot by Daniel Alfredsson.
5:01 of 3rd period - Stopped by Chris Mason without a rebound.
5:02 of 3rd period - David Legwand wins face-off versus Shawn Horcoff in Predators zone.
5:14 of 3rd period - Icing by Nicklas Lidstrom.
5:15 of 3rd period - Brad Boyes wins face-off versus Shawn Horcoff in Oilers zone.
5:28 of 3rd period - Shot by Daniel Alfredsson.
5:28 of 3rd period - Shot Blocked by Brad Boyes.
5:29 of 3rd period - Shot by Nicklas Lidstrom.
5:29 of 3rd period - Stopped by Chris Mason without a rebound.
5:30 of 3rd period - Marty Reasoner wins face-off versus Paul Kariya in Predators zone.
5:57 of 3rd period - Shot by Keith Tkachuk.
5:57 of 3rd period - Stopped by Chris Mason without a rebound.
5:58 of 3rd period - Brad Boyes wins face-off versus Shawn Horcoff in Predators zone.
6:08 of 3rd period - Off-side.
6:09 of 3rd period - Marty Reasoner wins face-off versus Paul Kariya in neutral zone.
6:26 of 3rd period - Shot by Keith Tkachuk.
6:26 of 3rd period - Shot Blocked by Marek Zidlicky.
6:31 of 3rd period - Shot by Ales Hemsky.
6:31 of 3rd period - Shot Misses the Net.
6:36 of 3rd period - Shot by Ales Hemsky.
6:36 of 3rd period - Stopped by Chris Mason without a rebound.
6:37 of 3rd period - Shawn Horcoff wins face-off versus Paul Kariya in Predators zone.
6:47 of 3rd period - Icing by Dick Tarnstrom.
6:48 of 3rd period - David Legwand wins face-off versus Ethan Moreau in Oilers zone.
6:51 of 3rd period - Shot by Todd Bertuzzi.
6:51 of 3rd period - Stopped by Jussi Markkanen without a rebound.
6:52 of 3rd period - Fernando Pisani wins face-off versus Martin Erat in Oilers zone.
7:12 of 3rd period - Minor Penalty to Fernando Pisani for Hooking.
7:13 of 3rd period - Marty Reasoner wins face-off versus Jason Arnott in Oilers zone.
8:29 of 3rd period - Icing by Brad Boyes.
8:30 of 3rd period - Raffi Torres wins face-off versus David Legwand in Predators zone.
9:19 of 3rd period - Shot by Brad Boyes.
9:19 of 3rd period - Shot Blocked by Steve Staios.
10:12 of 3rd period - Shot by Keith Tkachuk.
10:12 of 3rd period - Shot Misses the Net.
10:13 of 3rd period - Shot by Ales Hemsky.
10:13 of 3rd period - Stopped by Chris Mason without a rebound.
10:14 of 3rd period - Keith Primeau wins face-off versus Shawn Horcoff in Predators zone.
11:16 of 3rd period - Icing by Martin Erat.
11:17 of 3rd period - Jarret Stoll wins face-off versus David Legwand in Predators zone.
12:21 of 3rd period - Off-side.
12:22 of 3rd period - Jason Arnott wins face-off versus Ethan Moreau in neutral zone.
12:39 of 3rd period - Shot by Ethan Moreau.
12:39 of 3rd period - Stopped by Chris Mason without a rebound.
12:40 of 3rd period - Shawn Horcoff wins face-off versus David Legwand in Predators zone.
12:47 of 3rd period - Shot by Todd Bertuzzi.
12:47 of 3rd period - Shot Misses the Net.
12:50 of 3rd period - Shot by Martin Erat.
12:50 of 3rd period - Stopped by Jussi Markkanen with a rebound.
12:51 of 3rd period - Shot by Zbynek Michalek.
12:51 of 3rd period - Stopped by Jussi Markkanen with a rebound.
12:52 of 3rd period - Shot by Zbynek Michalek.
12:52 of 3rd period - Stopped by Jussi Markkanen with a rebound.
12:53 of 3rd period - Shot by Zbynek Michalek.
12:53 of 3rd period - Stopped by Jussi Markkanen without a rebound.
12:54 of 3rd period - Yanic Perreault wins face-off versus Marty Reasoner in Oilers zone.
13:17 of 3rd period - Shot by Ethan Moreau.
13:17 of 3rd period - Stopped by Chris Mason with a rebound.
13:25 of 3rd period - Icing by Derek Morris.
13:26 of 3rd period - Yanic Perreault wins face-off versus Shawn Horcoff in Predators zone.
14:45 of 3rd period - Shot by Ales Hemsky.
14:45 of 3rd period - Stopped by Chris Mason with a rebound.
15:46 of 3rd period - Shot by Martin Erat.
15:46 of 3rd period - Stopped by Jussi Markkanen without a rebound.
15:47 of 3rd period - Jarret Stoll wins face-off versus Martin Erat in Oilers zone.
16:14 of 3rd period - Shot by Todd Bertuzzi.
16:14 of 3rd period - Shot Misses the Net.
16:15 of 3rd period - Shot by Zbynek Michalek.
16:15 of 3rd period - Goal by Zbynek Michalek - Predators : 4 - Oilers : 4.
16:16 of 3rd period - Shawn Horcoff wins face-off versus Jason Arnott in neutral zone.
16:22 of 3rd period - Minor Penalty to Scott Hartnell for Interference.
16:23 of 3rd period - Shawn Horcoff wins face-off versus Brad Boyes in Predators zone.
16:24 of 3rd period - Shot by Daniel Alfredsson.
16:24 of 3rd period - Shot Misses the Net.
16:25 of 3rd period - Shot by Shawn Horcoff.
16:25 of 3rd period - Stopped by Chris Mason without a rebound.
16:26 of 3rd period - Shawn Horcoff wins face-off versus Brad Boyes in Predators zone.
16:29 of 3rd period - Shot by Daniel Alfredsson.
16:29 of 3rd period - Shot Blocked by Jason Arnott.
16:32 of 3rd period - Shot by Shawn Horcoff.
16:32 of 3rd period - Shot Misses the Net.
16:33 of 3rd period - Shot by Daniel Alfredsson.
16:33 of 3rd period - Shot Misses the Net.
16:36 of 3rd period - Shot by Daniel Alfredsson.
16:36 of 3rd period - Goal by Daniel Alfredsson - Predators : 4 - Oilers : 5.
16:37 of 3rd period - David Legwand wins face-off versus Marty Reasoner in neutral zone.
16:42 of 3rd period - Shot by David Legwand.
16:42 of 3rd period - Shot Misses the Net.
16:43 of 3rd period - Shot by Ryan Suter.
16:43 of 3rd period - Stopped by Jussi Markkanen with a rebound.
16:44 of 3rd period - Shot by Zbynek Michalek.
16:44 of 3rd period - Shot Misses the Net.
16:47 of 3rd period - Shot by Martin Erat.
16:47 of 3rd period - Shot Misses the Net.
16:48 of 3rd period - Shot by Ryan Suter.
16:48 of 3rd period - Stopped by Jussi Markkanen without a rebound.
16:49 of 3rd period - Jason Arnott wins face-off versus Shawn Horcoff in Oilers zone.
16:52 of 3rd period - Shot by Scott Hartnell.
16:52 of 3rd period - Shot Misses the Net.
17:05 of 3rd period - Shot by Shawn Horcoff.
17:05 of 3rd period - Shot Misses the Net.
17:10 of 3rd period - Shot by Ryan Smyth.
17:10 of 3rd period - Stopped by Chris Mason without a rebound.
17:11 of 3rd period - David Legwand wins face-off versus Jarret Stoll in Predators zone.
17:22 of 3rd period - Shot by Todd Bertuzzi.
17:22 of 3rd period - Stopped by Jussi Markkanen without a rebound.
17:23 of 3rd period - Marty Reasoner wins face-off versus Keith Primeau in Oilers zone.
17:30 of 3rd period - Shot by Marty Reasoner.
17:30 of 3rd period - Shot Misses the Net.
17:35 of 3rd period - Shot by Kimmo Timonen.
17:35 of 3rd period - Stopped by Jussi Markkanen without a rebound.
17:36 of 3rd period - David Legwand wins face-off versus Jarret Stoll in Oilers zone.
17:55 of 3rd period - Shot by Keith Tkachuk.
17:55 of 3rd period - Stopped by Chris Mason with a rebound.
18:00 of 3rd period - Shot by Keith Tkachuk.
18:00 of 3rd period - Shot Blocked by Todd Bertuzzi.
18:03 of 3rd period - Shot by Ales Hemsky.
18:03 of 3rd period - Stopped by Chris Mason without a rebound.
18:04 of 3rd period - Jason Arnott wins face-off versus Shawn Horcoff in Predators zone.
18:11 of 3rd period - Shot by Paul Kariya.
18:11 of 3rd period - Stopped by Jussi Markkanen with a rebound.
18:18 of 3rd period - Shot by Fernando Pisani.
18:18 of 3rd period - Stopped by Chris Mason without a rebound.
18:19 of 3rd period - Keith Primeau wins face-off versus Marty Reasoner in Predators zone.
18:29 of 3rd period - Icing by Steve Staios.
18:30 of 3rd period - Marty Reasoner wins face-off versus David Legwand in Oilers zone.
18:32 of 3rd period - Icing by Steve Staios.
18:33 of 3rd period - David Legwand wins face-off versus Marty Reasoner in Oilers zone.
19:27 of 3rd period - Minor Penalty to David Legwand for Tripping.
19:28 of 3rd period - Shawn Horcoff wins face-off versus Paul Kariya in Predators zone.
19:38 of 3rd period - Icing by Dick Tarnstrom.
19:39 of 3rd period - Shawn Horcoff wins face-off versus Jason Arnott in Oilers zone.


Output by the SimonT Hockey Simulator (STHS) for Stephane Roy -- Original Page W3C XHTML 1.0 Valid